 Dungeon Crawl Stone Soup version 0.19-a0-805-g0a78ef0 (webtiles) character file.

21 4thArraOfDagon the Firebug (level 2, 0/22 HPs)
             Began as a Deep Dwarf Fire Elementalist on June 27, 2016.
             Slain by an adder (4 damage)
             ... on level 2 of the Dungeon.
             The game lasted 00:02:16 (353 turns).

4thArraOfDagon the Firebug (DDFE)                    Turns: 353, Time: 00:02:17

Health: 0/22       AC:  2    Str: 11    XL:     2   Next: 65%
Magic:  1/5        EV: 11    Int: 15    God:
Gold:   19         SH:  0    Dex: 13    Spells: 1 memorised, 4 levels left

rFire  . . .     SeeInvis .     n - +0 short sword
rCold  . . .     Gourm    .     a - +0 robe
rNeg   . . .     Faith    .     (no shield)
rPois  .         Spirit   .     (no helmet)
rElec  .         Dismiss  .     (no cloak)
rCorr  .         Reflect  .     (no gloves)
SustAt .         Harm     .     (no boots)
MR     .....                    h - amulet of magic regeneration
Stlth  ++........               (no ring)
                                (no ring)

@: very slightly contaminated, non-regenerating, heavily drained, not resistant
to hostile enchantments, unstealthy
A: damage resistance, recharge devices, sense surroundings 1, slow regeneration
3
a: Device Recharging


You were on level 2 of the Dungeon.
You were not hungry.

You visited 1 branch of the dungeon, and saw 3 of its levels.

You collected 19 gold pieces.

Inventory:

Hand Weapons
 n - a +0 short sword (weapon)
Armour
 a - a +0 robe (worn)
 m - a +0 ring mail
 o - a +1 leather armour of fire resistance
Jewellery
 h - an amulet of magic regeneration (around neck)
 j - an uncursed amulet of harm
Wands
 c - a wand of heal wounds (5/9)
Scrolls
 i - a scroll of enchant armour {unknown}
 p - a scroll of amnesia {unknown}
Potions
 e - a potion of invisibility {unknown}
 g - 2 potions of heal wounds {unknown}
 l - a potion of mutation {unknown}
 q - a potion of might {unknown}
Books
 b - a book of Flames

   Spells                             Type                      Level
   a - Flame Tongue                   Conjuration/Fire             1
   b - Throw Flame                    Conjuration/Fire             2
   c - Conjure Flame                  Conjuration/Fire             3
   d - Inner Flame                    Hexes/Fire                   3
   e - Sticky Flame                   Conjuration/Fire             4
   f - Fireball                       Conjuration/Fire             5
Comestibles
 d - a bread ration
 f - a slice of pizza
 k - 3 fruits


   Skills:
 - Level 2.1(0.8) Dodging
 - Level 2.4(1.0) Stealth
 + Level 2.0(0.7) Spellcasting
 * Level 1.6(0.2) Conjurations
 * Level 3.1(1.7) Fire Magic


You had 4 spell levels left.
You knew the following spells:

 Your Spells              Type           Power        Failure   Level  Hunger
a - Flame Tongue          Conj/Fire      #....        17%         1    ##.....


Dungeon Overview and Level Annotations

Branches:
Dungeon (3/15)

Altars:
Cheibriados

Annotations:
D:3 George's ghost, amateur HOFi


Innate Abilities, Weirdness & Mutations

You are resistant to damage.
You can recharge devices by infusing magical energy.
You passively map a small area around you.
You do not regenerate naturally.


Message History

The adder bites you.
* * * LOW HITPOINT WARNING * * *
Unknown command.
Casting: Flame Tongue
Confirm with . or Enter, or press ? or * to list all spells.
Aiming: Flame Tongue
Press: ? - help, Shift-Dir - straight line, f/p - adder
Aim: an adder (heavily wounded)
The flame tongue hits the adder.
The adder is almost dead.
The adder closely misses you.
You closely miss the adder.
The adder is almost dead.
The adder bites you. x2
* * * LOW HITPOINT WARNING * * *
Unknown command.
You miss the adder.
The adder is almost dead.
The adder bites you.
You die...

######## #.......
#####.###### #######
####...###..... , ,......
..##.....##..... ,, ..
....# #.#.......#.#### ,
... #.#.# #.#.(._.....#
.K..##.#.###.#.......#.# *
.........S@..##.....##.# ,
..............##...##..#
####...........#####[######
.......#+###...............
....................#######
* *
######.#.#####.........# ,
#. ,* #.........# , ..
#.........#* .. ,
............#


You could see an adder.

Vanquished Creatures
  An adder (D:2)
  2 giant geckos (D:1)
  A hobgoblin (D:1)
  5 bats (D:1)
  A goblin (D:1)
  A rat (D:1)
11 creatures vanquished.

Notes
Turn   | Place    | Note
--------------------------------------------------------------
     0 | D:1      | 4thArraOfDagon the Deep Dwarf Fire Elementalist began the quest for the Orb.
     0 | D:1      | Reached XP level 1. HP: 15/15 MP: 3/3
    90 | D:1      | Reached skill level 1 in Conjurations
   166 | D:1      | Reached skill level 3 in Fire Magic
   166 | D:1      | Reached XP level 2. HP: 16/22 MP: 0/4
   286 | D:3      | Noticed George's ghost (amateur HOFi)
   318 | D:2      | Found a snail-covered altar of Cheibriados.
   353 | D:2      | Slain by an adder

Vault maps used:
D:1:      lightli_arrival_chessboard, st_stairs_13
D:2:      yredelemnul_altar_generic, lemuel_round_altar, ashenzari_altar_1,
          lemuel_doored_altar, ecumenical_altar_1
D:3:      minmay_misc_feat_diagonals

Skill      XL: |  1  2 |
---------------+-------+-----
Conjurations   | 1 |  1.6
Fire Magic     | 3 |  3.1
Spellcasting   | 2 |  2.0
Dodging        | |  2.1
Stealth        | |  2.4

Action                   || total
-------------------------++-------
Melee: Unarmed           ||    11
       Short sword       ||    10
 Cast: Flame Tongue      ||    22
Armor: Robe              ||     2
Dodge: Dodged            ||    19
